 Dungeon Crawl Stone Soup version 0.22-a0-388-g09e6169 (webtiles) character file.

56 Mgcat the Insei (level 3, -5/23 HPs)
             Began as an Octopode Transmuter on Apr 29, 2018.
             Slain by an ogre
             ... wielding a +0 giant spiked club
              (14 damage)
             ... on level 2 of the Dungeon.
             The game lasted 00:03:12 (1462 turns).

Mgcat the Insei (Octopode Transmuter)               Turns: 1462, Time: 00:03:13

Health: -5/23      AC:  1    Str:  7 (9)  XL:     3   Next: 97%
Magic:  4/6        EV: 13    Int: 13 (16) God:
Gold:   71         SH:  0    Dex: 10 (12) Spells: 0/6 levels left

rFire    . . .     SeeInvis .     - Unarmed
rCold    . . .     Gourm    .   (no shield)
rNeg     . . .     Faith    .   (helmet restricted)
rPois    .         Spirit   .   d - amulet of rage {+Rage, !d}
rElec    .         Reflect  .   (no ring)
rCorr    .         Harm     .   (no ring)
MR       .....                  (no ring)
Stlth    ++........             (no ring)
HPRegen  0.07/turn              (no ring)
MPRegen  0.10/turn              (no ring)
                                (no ring)
                                (no ring)

@: appendage (expiring)
A: almost no armour, stealthy swim, amphibious, 8 rings, constrict 8, tentacle
spike 3, camouflage 1, gelatinous body 1
a: End Transformation, Evoke Berserk Rage


You were on level 2 of the Dungeon.
You were not hungry.
One of your tentacles had a temporary spike.
You visited 1 branch of the dungeon, and saw 2 of its levels.

You collected 71 gold pieces.

Inventory:

Missiles
 a - 10 arrows
Jewellery
 d - an amulet of rage (around mantle) {+Rage, !d}
   (You found it on level 1 of the Dungeon)
Scrolls
 b - 2 scrolls of identify {unknown}
 g - a scroll of magic mapping {unknown}
 j - a scroll of remove curse {unknown}
 k - a scroll of random uselessness {unknown}
Potions
 e - a potion of magic {unknown}
 h - a potion of ambrosia {unknown}
Comestibles
 c - 5 rations
 f - 4 chunks of flesh {@w0}


   Skills:
 - Level 1.0 Fighting
 - Level 2.0 Dodging
 + Level 3.8 Unarmed Combat
 - Level 2.0 Spellcasting
 + Level 3.1 Transmutations
 + Level 1.1 Poison Magic


You couldn't memorise any spells.
You knew the following spells:

 Your Spells              Type           Power        Failure   Level  Hunger
a - Beastly Appendage     Tmut           #.....       7%          1    ##.....
b - Sticks to Snakes      Tmut           #.......     11%         2    ###....
c - Spider Form           Tmut/Pois      #.........   32%         3    ####...


Dungeon Overview and Level Annotations

Branches:
Dungeon (2/15)

Altars:


Innate Abilities, Weirdness & Mutations

You cannot wear most types of armour.
You are very stealthy in the water. (Stealth+)
You are amphibious.
You can wear up to eight rings at the same time.
You can use your tentacles to constrict eight enemies at once.
Your skin changes colour to match your surroundings (Stealth+).
Your rubbery body absorbs attacks. (AC +1, EV +1)
One of your tentacles bears a large vicious spike.


Message History

You barely miss the worm. You grab the worm.
You pierce the worm!
The worm is heavily wounded.
You constrict the worm. The worm bites you!
You tentacle-slap the worm.
You kill the worm!
Your transformation is almost over.
Your tentacle spike disappears.
Eating one of 3 chunks of flesh {@w0}.
You eat one of the 3 chunks of flesh {@w0}.
This raw flesh tastes terrible.
You feel a little less mighty now.
A rat comes into view.
A rat is nearby!
A rat is nearby!
Casting: Beastly Appendage (safe; 8% risk of failure)
Confirm with . or Enter, or press ? or * to list all spells.
One of your tentacles grows a vicious spike.
The rat moves out of view.
You tentacle-slap the rat.
You kill the rat!
Your transformation is almost over.
Your tentacle spike disappears.
You butcher the rat corpse.
f - 3 chunks of flesh {@w0} (gained 1)
You see here a rat skeleton. x2
You butcher the worm corpse.
f - 4 chunks of flesh {@w0} (gained 1)
There is a stone staircase leading up here. x2
Found a stone staircase leading down.
Found a stone staircase leading down.
A bat comes into view.
Casting: Beastly Appendage (safe; 7% risk of failure)
Confirm with . or Enter, or press ? or * to list all spells.
One of your tentacles grows a vicious spike.
The bat closely misses you.
You barely miss the bat. You grab the bat.
Your tentacle spike misses the bat.
You constrict the bat. The bat closely misses you.
The bat struggles to escape constriction.
You tentacle-slap the bat.
You pierce the bat, but do no damage.
Your squeeze misses the bat.
The bat is heavily wounded.
You constrict the bat.
You kill the bat!
No target in view!
No target in view!
Your transformation is almost over.
Your tentacle spike disappears.
h - a golden potion Some of the chunks of flesh in your inventory have rotted away.
Found a stone staircase leading up.
A goblin comes into view.
The goblin shouts!
A goblin is nearby!
Casting: Beastly Appendage (safe; 7% risk of failure)
Confirm with . or Enter, or press ? or * to list all spells.
You miscast Beastly Appendage.
You are very lightly contaminated with residual magic.
Nothing appears to happen.
The goblin completely misses you.
You tentacle-slap the goblin.
You kill the goblin!
No target in view!
No target in view!
No target in view!
You butcher the goblin corpse.
f - 4 chunks of flesh {@w0} (gained 2)
An ogre comes into view. It is wielding a giant spiked club.
Casting: Beastly Appendage (safe; 7% risk of failure)
Confirm with . or Enter, or press ? or * to list all spells.
One of your tentacles grows a vicious spike.
The ogre shouts!
Your transformation is almost over.
Your magical contamination has completely faded away.
Casting: Beastly Appendage (safe; 7% risk of failure)
Confirm with . or Enter, or press ? or * to list all spells.
You create a snake!
You now have 10 arrows.
You tentacle-slap the ogre.
The ogre is lightly wounded.
The ogre misses you.
Your ball python bites the ogre.
A hobgoblin comes into view. It is wielding a club.
You barely miss the ogre.
The hobgoblin shouts!
You tentacle-slap the ogre.
The ogre is lightly wounded.
Your ball python barely misses the ogre.
The ogre misses you.
You tentacle-slap the ogre.
The ogre is moderately wounded.
Your ball python bites the ogre but does no damage.
You tentacle-slap the ogre but do no damage.
The ogre is moderately wounded.
The ogre hits you with a giant spiked club!
Ouch! That really hurt!
Your ball python bites the ogre.
You barely miss the ogre.
The ogre is moderately wounded.
Your ball python barely misses the ogre.
The ogre hits you with a giant spiked club!
Ouch! That really hurt!
You die...

# # # ##### ## ####
#.... ...# #..#
##########.<..
#%.g##..###.............
#.......#.........(#.#
#O@#.#.........##.#
#S...#........###.#
##.....#####.## #..
###...#.# #.# ##.
.........#####.# #.
...............#####.
#...........###....)..
#.....<...............
#.####.##.###.........


You could see an ogre, a hobgoblin and a friendly ball python.

Vanquished Creatures
  An adder (D:2)
  An ooze (D:2)
  2 worms (D:2)
  3 dart slugs
  A leopard gecko (D:2)
  A ball python (D:1)
  6 bats
  3 giant cockroaches
  4 goblins
  3 hobgoblins (D:1)
  2 kobolds
  4 rats
31 creatures vanquished.

Notes
Turn   | Place    | Note
-------+----------+-------------------------------------------
     0 | D:1      | Mgcat the Octopode Transmuter began the quest for the Orb.
     0 | D:1      | Reached XP level 1. HP: 13/13 MP: 3/3
   192 | D:1      | Reached XP level 2. HP: 11/18 MP: 3/5
   196 | D:1      | Learned a level 2 spell: Sticks to Snakes
   924 | D:2      | Reached XP level 3. HP: 23/23 MP: 4/6
   929 | D:2      | Learned a level 3 spell: Spider Form
  1191 | D:2      | Reached skill level 3 in Transmutations
  1191 | D:2      | Reached skill level 1 in Poison Magic
  1193 | D:2      | HP: 5/23 [poisoned by an adder]
  1450 | D:2      | Noticed an ogre
  1462 | D:2      | Slain by an ogre

Vault maps used:
D:1:      sevenhm_arrival_forest_fort_large_1, serial_glass, glass_columns_a,
          glass_columns_c
D:2:      first_ration, minmay_door_square

Skill      XL: |  1  2  3 |
---------------+----------+-----
Transmutations | 3 |  3.1
Poison Magic   | 1 |  1.1
Fighting       | |  1.0
Dodging        | |  2.0
Unarmed Combat | |  3.8
Spellcasting   | |  2.0

Action                   || total
-------------------------++-------
Melee: Unarmed           ||    74
       Constrict         ||    21
       Tentacles         ||    15
       Kick              ||    16
       Punch             ||     3
 Cast: Beastly Appendage ||    24
       Sticks to Snakes  ||     2
  Use: Potion            ||     3
 Stab: Sleeping          ||     3
  Eat: Chunk             ||     2
Armor: Skin              ||     7
Dodge: Dodged            ||    41

Table legend:
 A = Spawn XP
 B = Non-spawn XP
 C = Spawn XP percentage of total XP
 D = Spawn monster count
 E = Non-spawn monster count
 F = Spawn count percentage of total count
 G = Total turns spent on level
                    A         B        C        D         E        F      G
               +---------+---------+-------+---------+---------+-------+---------
         Total |       0 |      81 |   0.0 |       0 |      31 |   0.0 |  1462
               +---------+---------+-------+---------+---------+-------+---------
           D:1 |       0 |      33 |   0.0 |       0 |      18 |   0.0 |   918
           D:2 |       0 |      48 |   0.0 |       0 |      13 |   0.0 |   544
               +---------+---------+-------+---------+---------+-------+---------

Vault maps used:
D:1:      sevenhm_arrival_forest_fort_large_1, serial_glass, glass_columns_a,
          glass_columns_c
D:2:      first_ration, minmay_door_square

Table legend:
 A = Turns spent in this place as a percentage of turns spent in the entire game.
 B = Non-inter-level travel turns spent in this place as a percentage of non-inter-level travel turns spent in the entire game.
 C = Inter-level travel turns spent in this place as a percentage of turns spent in this place.
 D = Turns resting spent in this place as a percentage of non-inter-level travel turns spent in this place.
 E = Turns spent auto-exploring this place as a percentage of non-inter-level travel turns spent in this place.
 F = Non-inter-level travel turns spent in this place divided by the number of levels of this place that you've seen.
                   A       B       C       D       E      F
               +-------+-------+-------+-------+-------+----------------------
         Total | 100.0 | 100.0 |   1.4 |   0.0 |  81.3 | 721.0
       Dungeon | 100.0 | 100.0 |   1.4 |   0.0 |  81.3 | 721.0
               +-------+-------+-------+-------+-------+----------------------

Table legend:
 A = Kills in this place as a percentage of kills in entire the game.
 B = Kills by you in this place as a percentage of kills by you in the entire game.
 C = Kills by friends in this place as a percentage of kills by friends in the entire game.
 D = Other kills in this place as a percentage of other kills in the entire game.
 E = Experience gained in this place as a percentage of experience gained in the entire game.
 F = Experience gained in this place divided by the number of levels of this place that you have seen.
                   A       B       C       D       E      F
               +-------+-------+-------+-------+-------+----------------------
         Total | 100.0 | 100.0 |   N/A |   N/A | 100.0 |  40.5
       Dungeon | 100.0 | 100.0 |   N/A |   N/A | 100.0 |  40.5
               +-------+-------+-------+-------+-------+----------------------
